 Dungeon Crawl Stone Soup version 0.25.1-2-g60ff931df9 (webtiles) character file.

Game seed: 11358317306878535907

256 solopath the Slasher (level 5, -2/61 HPs)
             Began as a Demonspawn Berserker on Oct 28, 2020.
             Was a Believer of Trog.
             Slain by an ogre
             ... wielding a +0 giant spiked club
              (20 damage)
             ... on level 4 of the Dungeon.
             The game lasted 00:06:01 (3546 turns).

solopath the Slasher (Demonspawn Berserker)         Turns: 3546, Time: 00:06:01

Health: -2/61      AC: 22    Str: 17    XL:     5   Next: 92%
Magic:  5/5        EV:  2    Int:  9    God:    Trog [**....]
Gold:   100        SH:  0    Dex: 19    Spells: 4/4 levels left

rFire    . . .     SeeInvis .   a - +0 falchion
rCold    . . .     Gourm    .   (no shield)
rNeg     + + +     Faith    .   (armour currently unavailable)
rPois    +         Spirit   .   (helmet currently unavailable)
rElec    .         Reflect  .   (cloak currently unavailable)
rCorr    .         Harm     .   (gloves currently unavailable)
MR       .....     NoTele   +   (boots currently unavailable)
Stlth    ++++......             (no amulet)
HPRegen  0.20/turn              h - +6 ring of dexterity
MPRegen  0.09/turn              s - ring of stealth

@: lethally poisoned (-2 -> -3), tree-form
A: nightstalker 1
a: Berserk, Trog's Hand, Renounce Religion


You were on level 4 of the Dungeon.
You worshipped Trog.
Trog was pleased with you.
You were not hungry.
You were a tree.
You visited 1 branch of the dungeon, and saw 4 of its levels.

You collected 100 gold pieces.

Inventory:

Hand Weapons
 a - a +0 falchion (weapon)
Armour
 b - a +0 animal skin
 j - a +1 chain mail of cold resistance (melded)
 t - a +0 helmet (melded)
Jewellery
 h - a +6 ring of dexterity (left branch)
 s - a ring of stealth (right branch)
Scrolls
 d - a scroll of magic mapping {unknown}
 e - 3 scrolls of identify {unknown}
 g - 3 scrolls of remove curse {unknown}
 i - 4 scrolls of teleportation {unknown}
 k - a scroll of immolation {unknown}
Potions
 f - 3 potions of curing
 m - a potion of haste {unknown}
 n - a potion of brilliance {unknown}
 o - a potion of invisibility {unknown}
 p - 2 potions of might {unknown}
 r - a potion of resistance {unknown}
Comestibles
 c - 2 rations
 q - 16 chunks of flesh


   Skills:
 - Level 3.0 Fighting
 + Level 5.2 Long Blades
 - Level 3.0 Armour
 - Level 1.7 Dodging
 + Level 1.5 Stealth


You had 4 spell levels left.
You didn't know any spells.
Your spell library was empty.

Dungeon Overview and Level Annotations

Branches:
Dungeon (4/15)
 Temple: D:4-7

Altars:
Ashenzari

Annotations:
D:4 Pikel


Innate Abilities, Weirdness & Mutations

You are slightly more attuned to the shadows.
((Your movements are slightly less encumbered by armour. (ER -2)))
((You have very sharp teeth.))
((Your system is resistant to poisons. (rPois)))


Message History

You hit the ogre.
The ogre is heavily wounded.
The ogre hits you with a +0 giant spiked club.
You hit the ogre.
The ogre is severely wounded.
The ogre hits you with a +0 giant spiked club!
You barely miss the ogre.
The ogre is severely wounded.
You feel sick.
The ogre hits you with a +0 giant spiked club.
You hit the ogre.
The ogre is severely wounded.
The orc priest invokes the aid of Beogh against you.
Beogh smites you!
* * * LOW HITPOINT WARNING * * *
You hear a shout!
You closely miss the ogre.
The ogre is severely wounded.
The ogre hits you with a +0 giant spiked club!!
You die...

#.###o###..# #
#.....#..############
#..§§.#...............
#.§≈§O#..###.........#
#.§§..#..###......#.#
#..S..#.............##
###'###...............
#o###..........#####
#oO♣...........).)..
#####..........#####
#.....###### #.....#
#.....# #######


You could see an ogre, an orc priest and an orc.

Vanquished Creatures
  A slave (D:4)
  A phantom (D:2)
  A hound (D:4)
  Robin (D:4)
  5 adders
  An ooze (D:3)
  3 worms
  A dart slug (D:2)
  4 leopard geckos
  5 bats
  A giant cockroach (D:4)
  10 goblins
  11 hobgoblins
  3 jackals (D:3)
  8 kobolds
  A ball python (D:1)
  4 frilled lizards
  4 rats
65 creatures vanquished.

Vanquished Creatures (others)
  A ball python (D:4)
1 creature vanquished.

Grand Total: 66 creatures vanquished

Notes
Turn   | Place    | Note
-------+----------+-------------------------------------------
     0 | D:1      | solopath the Demonspawn Berserker began the quest for the
                  | Orb.
     0 | D:1      | Reached XP level 1. HP: 18/18 MP: 1/1
   136 | D:1      | Reached skill level 3 in Long Blades
   346 | D:1      | You fall into a shaft and drop 1 floor!
   384 | D:2      | Gained mutation: Your movements are slightly less
                  | encumbered by armour. (ER -2) [demonic ancestry]
   384 | D:2      | Reached XP level 2. HP: 24/24 MP: 2/2
   403 | D:2      | Reached XP level 3. HP: 29/29 MP: 3/3
   593 | D:1      | Reached skill level 4 in Long Blades
  1074 | D:2      | Reached ** piety under Trog
  1352 | D:2      | Noticed a phantom
  1375 | D:2      | Gained mutation: You are slightly more attuned to the
                  | shadows. [demonic ancestry]
  1375 | D:2      | Reached XP level 4. HP: 35/35 MP: 4/4
  1407 | D:2      | Gained mutation: Your system is resistant to poisons.
                  | (rPois) [potion of mutation]
  1407 | D:2      | Gained mutation: You have very sharp teeth. [potion of
                  | mutation]
  1879 | D:2      | Killed a phantom
  1879 | D:2      | Reached XP level 5. HP: 9/41 MP: 5/5
  2228 | D:2      | Found a shattered altar of Ashenzari.
  3183 | D:4      | Noticed a slave
  3209 | D:4      | Killed a slave
  3331 | D:4      | Noticed Pikel
  3331 | D:4      | Noticed a slave
  3351 | D:4      | Noticed Robin
  3370 | D:4      | Reached skill level 5 in Long Blades
  3382 | D:4      | Reached skill level 1 in Stealth
  3388 | D:4      | Killed Robin
  3501 | D:4      | Noticed an ogre
  3546 | D:4      | Slain by an ogre

Illustrated notes

Levels and vault maps discovered:
D:1:      minmay_arrival_five_plusses, layout_basic,
          chequers_serial_rivers_marsh
D:2:      layout_rooms, nicolae_overflow_hidden_temple
D:3:      layout_basic, st_stairs_12, roderic_roman_lattice
D:4:      layout_rooms, gammafunk_ghost_stat_death, first_ration,
          kennysheep_generic_room_13, uniq_pikel, uniq_edmund, uniq_robin

Skill      XL: |  1  2  3  4  5 |
---------------+----------------+-----
Long Blades    | 3 4 5 |  5.2
Armour         | 2 3 |  3.0
Stealth        | 1 |  1.5
Fighting       | |  3.0
Dodging        | |  1.7

Action                   |  1- 3 |  4- 6 || total
-------------------------+-------+-------++-------
Melee: Falchion          |   104 |   186 ||   290
       Bite              |       |    22 ||    22
Invok: Berserk           |     2 |     2 ||     4
       Trog's Hand       |       |     1 ||     1
  Use: Potion            |       |     3 ||     3
 Stab: Sleeping          |     1 |     1 ||     2
  Eat: Chunk             |     2 |     7 ||     9
       Ration            |       |     1 ||     1
Armor: Animal skin       |    16 |       ||    16
       Chain mail        |    16 |    80 ||    96
       Skin              |       |     4 ||     4
Dodge: Dodged            |    59 |    90 ||   149
       Rpst.: Falchion   |    17 |    30 ||    47
